 Dungeon Crawl Stone Soup version 0.26.0-16-gc1dbca0489 (webtiles) character file.

Game seed: 8388721428277218896

1060 FreshCat the Cleaver (level 8, -3/69 HPs)
             Began as a Hill Orc Monk on Jan 20, 2021.
             Slain by Edmund
             ... wielding a +2 dire flail of protection
              (13 damage)
             ... on level 4 of the Dungeon.
             The game lasted 00:28:16 (8402 turns).

FreshCat the Cleaver (Hill Orc Monk)                Turns: 8402, Time: 00:28:16

Health: -3/69      AC:  5    Str: 16    XL:     8   Next: 27%
Magic:  8/8        EV: 13    Int: 12    God:
Gold:   169        SH:  0    Dex: 13    Spells: 7/7 levels left

rFire    . . .     SeeInvis .   a - +0 hand axe
rCold    + . .     Faith    .   (no shield)
rNeg     . . .     Spirit   .   j - +1 leather armour {rC+}
rPois    .         Reflect  .   v - +0 helmet
rElec    .         Harm     .   (no cloak)
rCorr    .         Rampage  .   (no gloves)
Will     .....     Clarity  +   (no boots)
Stlth    ++........             (no amulet)
HPRegen  0.21/turn              (no ring)
MPRegen  0.11/turn              (no ring)

@: brilliant, lethally poisoned (-3 -> -4)
A: clarity, clever 1
a: no special abilities


You were on level 4 of the Dungeon.
You visited 1 branch of the dungeon, and saw 5 of its levels.
You also visited: Sewer.

You collected 169 gold pieces.

Inventory:

Hand Weapons
 a - a +0 hand axe (weapon)
 d - a +2 vampiric dagger
Missiles
 c - 6 poisoned darts
 g - a javelin (quivered)
 i - 147 stones
 n - 2 throwing nets
 y - 4 atropa-tipped darts
Armour
 j - a +1 leather armour of cold resistance (worn)
 v - a +0 helmet (worn)
Wands
 t - a wand of enslavement (3)
Scrolls
 b - a scroll of amnesia
 e - 2 scrolls of fear
 o - 6 scrolls of teleportation
 r - a scroll of blinking
 u - a scroll of magic mapping
Potions
 f - a potion of degeneration {unknown}
 h - 4 potions of flight
 k - a potion of cancellation {unknown}
 l - 3 potions of magic
 m - 3 potions of might
 p - a potion of heal wounds {unknown}
 q - a potion of curing
 s - 2 potions of brilliance
 w - a potion of mutation
 x - a potion of lignification {unknown}
 z - a potion of attraction {unknown}


   Skills:
 + Level 5.6 Fighting
 + Level 8.8 Axes
 + Level 2.0 Throwing
 + Level 3.4 Armour
 + Level 3.9 Dodging
 + Level 2.9 Stealth


You had 7 spell levels left.
You didn't know any spells.
Your spell library was empty.

Dungeon Overview and Level Annotations

Branches:
Dungeon (5/15)              Sewer (visited)
 Temple: D:4-7

Altars:
Dithmenos
Kikubaaqudgha
Vehumet

Annotations:
D:4 Dowan, Duvessa, Edmund


Innate Abilities, Weirdness & Mutations

You possess an exceptional clarity of mind.
Your mind is acute. (Int +2)


Message History

Edmund is heavily wounded.
Edmund hits you but does no damage.
You barely miss Edmund.
Edmund is heavily wounded.
You hit Edmund.
Edmund is heavily wounded.
You feel sick.
Edmund hits you with a +2 dire flail of protection!
* * * LOW HITPOINT WARNING * * *
You barely miss Edmund.
Edmund is heavily wounded.
Edmund hits you with a +2 dire flail of protection!
* * * LOW HITPOINT WARNING * * *
It was a potion of brilliance.
You feel clever all of a sudden. Edmund hits you but does no damage.
It was a potion of mutation.
You feel extremely strange.
Your thoughts seem clearer.
You feel clever.
Edmund hits you with a +2 dire flail of protection!
You die...

#.# #.# #.# #.# #.#
#.# #.# #.# #@#
###### #@# #....#
##'####....#######*
#..........'.....(*
#..........##....(*
#..........#*,,..(*
#..........#*...,.*
######.....##.?.,,*
*,..........#..,,,*


You could see Edmund.

Vanquished Creatures
  An ice beast (D:5)
  An ogre (D:4)
  A centaur (D:5)
  2 big kobolds (Sewer)
  A scorpion (D:4)
  A howler monkey (D:4)
  A centaur skeleton (D:5)
  A hound (D:5)
  Terence (D:3)
  Natasha (twice) (D:2)
  4 worker ants
  Robin (D:4)
  A gnoll (D:1)
  3 river rats (Sewer)
  12 adders
  A shadow imp (D:5)
  An ufetubus (D:5)
  An ooze (Sewer)
  An adder zombie (D:3)
  An adder skeleton (D:5)
  2 worms
  6 dart slugs
  10 leopard geckos
  7 orcs
  5 giant cockroaches
  14 goblins
  10 hobgoblins
  6 jackals (D:4)
  5 quokkas
  7 ball pythons
  6 bats
  4 frilled lizards
  A giant cockroach zombie (D:5)
  20 kobolds
  9 rats
150 creatures vanquished.

Vanquished Creatures (others)
  A sky beast (D:5)
  20 plants (D:2)
21 creatures vanquished.

Grand Total: 171 creatures vanquished

Notes
Turn   | Place    | Note
-------+----------+-------------------------------------------
     0 | D:1      | FreshCat the Hill Orc Monk began the quest for the Orb.
     0 | D:1      | Reached XP level 1. HP: 19/19 MP: 1/1
   479 | D:1      | Reached XP level 2. HP: 27/27 MP: 2/2
   774 | D:1      | Reached XP level 3. HP: 11/33 MP: 3/3
  1556 | D:1      | Reached skill level 5 in Axes
  1894 | D:2      | Reached XP level 4. HP: 24/40 MP: 4/4
  2482 | D:2      | Noticed Natasha
  2556 | D:2      | Killed Natasha
  2667 | D:2      | Reached XP level 5. HP: 28/47 MP: 5/5
  2706 | D:2      | Noticed Natasha
  2885 | D:2      | Killed Natasha
  3113 | D:2      | Found a shadowy altar of Dithmenos.
  3223 | D:3      | Found an ancient bone altar of Kikubaaqudgha.
  3449 | D:2      | Found a faded altar of an unknown god.
  3671 | D:3      | Reached skill level 1 in Armour
  4151 | D:4      | Found a glowing drain.
  4164 | D:4      | Reached skill level 6 in Axes
  4167 | D:4      | Reached XP level 6. HP: 12/53 MP: 6/6
  4180 | Sewer    | Entered a sewer
  4522 | Sewer    | Reached skill level 1 in Throwing
  5841 | D:4      | Reached XP level 7. HP: 53/60 MP: 7/7
  6028 | D:3      | Noticed Terence
  6088 | D:3      | Reached skill level 5 in Fighting
  6089 | D:3      | Killed Terence
  6090 | D:3      | Reached skill level 7 in Axes
  6784 | D:4      | Noticed Robin
  6837 | D:4      | Killed Robin
  6998 | D:5      | Entered Level 5 of the Dungeon
  7232 | D:4      | Noticed Duvessa
  7232 | D:4      | Noticed Dowan
  7495 | D:5      | Reached skill level 8 in Axes
  7731 | D:5      | Reached XP level 8. HP: 57/69 MP: 8/8
  7918 | D:5      | Found a radiant altar of Vehumet.
  8350 | D:4      | Noticed Edmund
  8402 | D:4      | Gained mutation: You possess an exceptional clarity of
                  | mind. [potion of mutation]
  8402 | D:4      | Gained mutation: Your mind is acute. (Int +2) [potion of
                  | mutation]
  8402 | D:4      | Slain by Edmund

Illustrated notes

Levels and vault maps discovered:
D:1:      elethiomel_arrival_shortcut, layout_basic, serial_forest,
          infiniplex_forest_clump_diagonal, infiniplex_forest_clump_small,
          infiniplex_forest_end_double, infiniplex_forest_lined_3_way,
          infiniplex_forest_clump_large, infiniplex_forest_clump_tiny,
          infiniplex_forest_clump_cross
D:2:      layout_loops_ring, lemuel_doored_altar,
          chequers_ecumenical_altar_lobes, lexackson_kobold_supper, uniq_natasha
D:3:      layout_loops_ring, old_standard_altar, chequers_serial_rivers_room_b,
          uniq_terence
D:4:      layout_basic, cheibrodos_sewer_entry_sluice, uniq_edmund,
          uniq_duvessa, uniq_robin
D:5:      layout_basic, vehumet_crystals

Skill      XL: |  1  2  3  4  5  6  7  8 |
---------------+-------------------------+-----
Fighting       | 4 5 |  5.6
Stealth        | 2 |  2.9
Axes           | 5 6 8 |  8.8
Dodging        | 3 |  3.9
Armour         | 1 2 3 |  3.4
Throwing       | 1 2 |  2.0

Action                   |  1- 3 |  4- 6 |  7- 9 || total
-------------------------+-------+-------+-------++-------
Melee: Hand axe          |    94 |   313 |   247 ||   654
Throw: Stone             |     2 |    43 |     8 ||    53
       Javelin           |       |    11 |    16 ||    27
Evoke: Wand              |       |       |     2 ||     2
  Use: Scroll            |     5 |     6 |     5 ||    16
       Potion            |       |     3 |     3 ||     6
 Stab: Sleeping          |     4 |     2 |     1 ||     7
       Distracted        |       |     1 |       ||     1
Armor: Robe              |     4 |       |       ||     4
       Leather armour    |       |    49 |    57 ||   106
Dodge: Dodged            |    70 |   193 |   134 ||   397
